MID
KANNAPOLIS INTIMIDATORS @ WEST MICHIGAN WHITECAPS
09/13/2045
 
TOP OF THE 1ST
Kannapolis Intimidators batting - Pitching for West Michigan Whitecaps : RHP Nate Mull
Pitching: RHP Nate Mull
Batting: LHB Joe Kirkland 0-0: Called Strike
0-1: Foul Ball, location: 2F
0-2: Foul Ball, location: 2F
0-2: Strikes out looking
Batting: SHB Jason Bresnahan 0-0: Ball
1-0: Foul Ball, location: 2F
1-1: Foul Ball, location: 2F
1-2: Foul Ball, location: 2F
1-2: Ball
2-2: Strikes out swinging
Batting: RHB Dusty Ballard 0-0: Called Strike
0-1: Ball
1-1: Ball
2-1: Foul Ball, location: 2F
2-2: Strikes out swinging
Top of the 1st over - 0 runs, 0 hits, 0 errors, 0 left on base; Kannapolis 0 - West Michigan 0
BOTTOM OF THE 1ST
West Michigan Whitecaps batting - Pitching for Kannapolis Intimidators : RHP Mike Guidroz
Pitching: RHP Mike Guidroz
Batting: RHB Tanner Purchase 0-0: Called Strike
0-1: Ball
1-1: Ball
2-1: Swinging Strike
2-2: Foul Ball, location: 2F
2-2: Ball
3-2: Strikes out swinging
Batting: SHB Sean Foley 0-0: Ball
1-0: Ground out U3 (Groundball, 3L, EV 86.9 MPH)
Batting: SHB Ross Holland 0-0: Ball
1-0: Ball
2-0: Ground out U3 (Groundball, 3, EV 85.6 MPH)
Bottom of the 1st over - 0 runs, 0 hits, 0 errors, 0 left on base; Kannapolis 0 - West Michigan 0
TOP OF THE 2ND
Kannapolis Intimidators batting - Pitching for West Michigan Whitecaps : RHP Nate Mull
Batting: LHB Brandon Hopper 0-0: Ball
1-0: Ball
2-0: Called Strike
2-1: Foul Ball, location: 2F
2-2: Fly out, F6 (Popup, 6D, EV 51.2 MPH)
Batting: RHB Justin Usner 0-0: Foul Ball, location: 2F
0-1: Swinging Strike
0-2: Ball
1-2: Ground out 6-3 (Groundball, 6, EV 103.1 MPH)
Batting: RHB Jose Medina 0-0: Ball
1-0: Swinging Strike
1-1: Ball
2-1: Foul Ball, location: 2F
2-2: Ball
3-2: Strikes out swinging
Top of the 2nd over - 0 runs, 0 hits, 0 errors, 0 left on base; Kannapolis 0 - West Michigan 0
BOTTOM OF THE 2ND
West Michigan Whitecaps batting - Pitching for Kannapolis Intimidators : RHP Mike Guidroz
Batting: RHB John Evancho 0-0: Called Strike
0-1: Ball
1-1: Ball
2-1: Fly out, F7 (Flyball, 78D, EV 106.2 MPH)
Batting: LHB Oscar Gonzalez 0-0: Ball
1-0: Ball
2-0: Fly out, F8 (Flyball, 8RM, EV 91.9 MPH)
Batting: SHB Jared Boyce 0-0: Ball
1-0: Foul Ball, location: 2F
1-1: DOUBLE (Line Drive, 8LXD, EV 105.0 MPH)
Batting: RHB Victor Reyes Balk!
Jared Boyce to third
0-0: Called Strike
0-1: Ball
1-1: Ball
2-1: Ground out 6-3 (Groundball, 6, EV 86.9 MPH)
Bottom of the 2nd over - 0 runs, 1 hit, 0 errors, 1 left on base; Kannapolis 0 - West Michigan 0
TOP OF THE 3RD
Kannapolis Intimidators batting - Pitching for West Michigan Whitecaps : RHP Nate Mull
Batting: RHB Edgar Franco 0-0: Ball
1-0: Swinging Strike
1-1: Foul Ball, location: 2F
1-2: Strikes out swinging
Batting: RHB Will Washburn 0-0: Ball
1-0: Called Strike
1-1: SINGLE (Groundball, 6, EV 95.0 MPH)
Batting: RHB Tyrell Camp 0-0: Swinging Strike
0-1: Called Strike
0-2: Ball
1-2: Grounds into double play, 5-4-3 (Groundball, 56, EV 107.5 MPH)
Top of the 3rd over - 0 runs, 1 hit, 0 errors, 0 left on base; Kannapolis 0 - West Michigan 0
BOTTOM OF THE 3RD
West Michigan Whitecaps batting - Pitching for Kannapolis Intimidators : RHP Mike Guidroz
Batting: RHB Jordan Hall 0-0: SINGLE (Flyball, 56D, EV 91.2 MPH)
Batting: RHB Sergio Valbuena 0-0: Swinging Strike
0-1: Called Strike
0-2: Ball
1-2: Foul Ball, location: 2F
1-2: Foul Ball, location: 2F
1-2: Foul Ball, location: 2F
1-2: Ball
2-2: Fielders Choice at 2nd, 3-6 (Groundball, 34S, EV 86.9 MPH)
Batting: RHB Tanner Purchase 0-0: Called Strike
0-1: Called Strike
0-2: Ball
1-2: Ball
2-2: Foul Ball, location: 2F
2-2: Ball
3-2: Base on Balls
Sergio Valbuena to second
Batting: SHB Sean Foley 0-0: Foul Ball, location: 2F
0-1: Ball
1-1: SINGLE (Groundball, 56, EV 106.2 MPH)
Sergio Valbuena to third
Tanner Purchase to second
Batting: SHB Ross Holland 0-0: Fielders Choice at 2nd, 4-6 (Groundball, 4, EV 88.1 MPH)
Sergio Valbuena scores
Tanner Purchase to third
Batting: RHB John Evancho 0-0: Ball
1-0: Fly out, F8 (Flyball, 8RXD, EV 97.5 MPH)
Bottom of the 3rd over - 1 run, 2 hits, 0 errors, 2 left on base; Kannapolis 0 - West Michigan 1
TOP OF THE 4TH
Kannapolis Intimidators batting - Pitching for West Michigan Whitecaps : RHP Nate Mull
Batting: LHB Joe Kirkland 0-0: Ball
1-0: Ball
2-0: Ball
3-0: Called Strike
3-1: Ground out 4-3 (Groundball, 4, EV 82.5 MPH)
Batting: SHB Jason Bresnahan 0-0: Ball
1-0: Ball
2-0: Called Strike
2-1: Called Strike
2-2: Foul Ball, location: 2F
2-2: Foul Ball, location: 2F
2-2: SINGLE (Groundball, 6MD, EV 98.1 MPH)
Batting: RHB Dusty Ballard 0-0: Ball
1-0: Ball
2-0: Ball
3-0: Called Strike
3-1: SINGLE (Groundball, 6MD, EV 110.6 MPH)
Jason Bresnahan to second
Runner from 2nd tries for 3rd, SAFE, throw by CF made at trailing runner, OUT! 8-4
Batting: LHB Brandon Hopper 0-0: Ball
1-0: Foul Ball, location: 2F
1-1: Fly out, F7 (Flyball, 7LS, EV 85.6 MPH)
Top of the 4th over - 0 runs, 2 hits, 0 errors, 1 left on base; Kannapolis 0 - West Michigan 1
BOTTOM OF THE 4TH
West Michigan Whitecaps batting - Pitching for Kannapolis Intimidators : RHP Mike Guidroz
Batting: LHB Oscar Gonzalez 0-0: Ball
1-0: Called Strike
1-1: Fly out, F7 (Flyball, 7, EV 92.5 MPH)
Batting: SHB Jared Boyce 0-0: Ball
1-0: Called Strike
1-1: Ground out 6-3 (Groundball, 6, EV 92.5 MPH)
Batting: RHB Victor Reyes 0-0: Foul Ball, location: 2F
0-1: Ground out 6-3 (Groundball, 6, EV 81.2 MPH)
Bottom of the 4th over - 0 runs, 0 hits, 0 errors, 0 left on base; Kannapolis 0 - West Michigan 1
TOP OF THE 5TH
Kannapolis Intimidators batting - Pitching for West Michigan Whitecaps : RHP Nate Mull
Batting: RHB Justin Usner 0-0: Ball
1-0: Called Strike
1-1: Ball
2-1: Foul Ball, location: 2F
2-2: Foul Ball, location: 2F
2-2: Foul Ball, location: 2F
2-2: Foul Ball, location: 2F
2-2: Ball
3-2: Ground out 5-3 (Groundball, 56, EV 99.4 MPH)
Batting: RHB Jose Medina 0-0: Ball
1-0: Ball
2-0: Swinging Strike
2-1: Ball
3-1: Swinging Strike
3-2: Strikes out looking
Batting: RHB Edgar Franco 0-0: Called Strike
0-1: Foul Ball, location: 2F
0-2: Ball
1-2: Foul Ball, location: 2F
1-2: Ground out 3-1 (Groundball, 34, EV 100.6 MPH)
Top of the 5th over - 0 runs, 0 hits, 0 errors, 0 left on base; Kannapolis 0 - West Michigan 1
BOTTOM OF THE 5TH
West Michigan Whitecaps batting - Pitching for Kannapolis Intimidators : RHP Mike Guidroz
Batting: RHB Jordan Hall 0-0: Called Strike
0-1: Foul Ball, location: 2F
0-2: Strikes out looking
Batting: RHB Sergio Valbuena 0-0: Called Strike
0-1: Reached on error, E6 (Groundball, 6, EV 104.4 MPH)
Batting: RHB Tanner Purchase 0-0: Foul Ball, location: 2F
0-1: Ball
1-1: Foul Ball, location: 2F
1-2: Ball
2-2: Fly out, F8 (Flyball, 8RS, EV 93.8 MPH)
Batting: SHB Sean Foley 0-0: Ball
1-0: Swinging Strike
1-1: SINGLE (Line Drive, 8LS, EV 93.8 MPH)
Sergio Valbuena to second
Batting: SHB Ross Holland 0-0: Called Strike
0-1: Ball
1-1: Ball
2-1: Foul Ball, location: 2F
2-2: SINGLE (Groundball, 6S, EV 76.2 MPH) (infield hit)
Sergio Valbuena to third
Sean Foley to second
Batting: RHB John Evancho 0-0: Called Strike
0-1: Swinging Strike
0-2: Strikes out looking
Bottom of the 5th over - 0 runs, 2 hits, 1 error, 3 left on base; Kannapolis 0 - West Michigan 1
TOP OF THE 6TH
Kannapolis Intimidators batting - Pitching for West Michigan Whitecaps : RHP Nate Mull
Pitching: LHP Neil Palazzo
Batting: RHB Will Washburn 0-0: Called Strike
0-1: Ball
1-1: Foul Ball, location: 2F
1-2: Strikes out swinging
Batting: RHB Tyrell Camp 0-0: Ball
1-0: Ground out 6-3 (Groundball, 6, EV 105.0 MPH)
Batting: LHB Joe Kirkland 0-0: Ball
1-0: Ground out 4-3 (Groundball, 4, EV 100.6 MPH)
Top of the 6th over - 0 runs, 0 hits, 0 errors, 0 left on base; Kannapolis 0 - West Michigan 1
BOTTOM OF THE 6TH
West Michigan Whitecaps batting - Pitching for Kannapolis Intimidators : RHP Mike Guidroz
Batting: LHB Oscar Gonzalez 0-0: Called Strike
0-1: Ground out 3-1 (Groundball, 34, EV 82.5 MPH)
Batting: SHB Jared Boyce 0-0: Ball
1-0: Called Strike
1-1: Foul Ball, location: 2F
1-2: Strikes out swinging
Batting: RHB Victor Reyes 0-0: Ball
1-0: Foul Ball, location: 2F
1-1: Ball
2-1: Foul Ball, location: 2F
2-2: Ball
3-2: Base on Balls
Batting: RHB Jordan Hall 0-0: Called Strike
0-1: Called Strike
0-2: Ball
1-2: Ball
2-2: Fly out, F8 (Flyball, 8LD, EV 91.2 MPH)
Bottom of the 6th over - 0 runs, 0 hits, 0 errors, 1 left on base; Kannapolis 0 - West Michigan 1
TOP OF THE 7TH
Kannapolis Intimidators batting - Pitching for West Michigan Whitecaps : LHP Neil Palazzo
Batting: SHB Jason Bresnahan 0-0: Ball
1-0: Ball
2-0: Foul Ball, location: 2F
2-1: Fly out, F8 (Flyball, 89M, EV 83.8 MPH)
Batting: RHB Dusty Ballard 0-0: Called Strike
0-1: Foul Ball, location: 2F
0-2: Ball
1-2: Foul Ball, location: 2F
1-2: Ball
2-2: Foul Ball, location: 2F
2-2: Ground out 3-1 (Groundball, 34S, EV 91.9 MPH)
Batting: LHB Brandon Hopper 0-0: Ball
1-0: Fly out, F7 (Flyball, 7S, EV 80.0 MPH)
Top of the 7th over - 0 runs, 0 hits, 0 errors, 0 left on base; Kannapolis 0 - West Michigan 1
BOTTOM OF THE 7TH
West Michigan Whitecaps batting - Pitching for Kannapolis Intimidators : RHP Mike Guidroz
Batting: RHB Sergio Valbuena 0-0: SINGLE (Line Drive, 78S, EV 96.9 MPH)
Pitching: RHP Jose Vigil
Batting: RHB Tanner Purchase 0-0: Fielders Choice at 2nd, 6-4 (Groundball, 6, EV 104.4 MPH)
Batting: SHB Sean Foley 0-0: Ball
1-0: Called Strike
Tanner Purchase steals 2nd base
1-1: Called Strike
Tanner Purchase steals 3rd base
1-2: Strikes out swinging
Batting: SHB Ross Holland 0-0: Ball
1-0: Called Strike
1-1: Foul Ball, location: 2F
1-2: Ball
2-2: SINGLE (Line Drive, 78S, EV 98.8 MPH)
Tanner Purchase scores
Batting: RHB John Evancho 0-0: Ball
1-0: Fielders Choice at 2nd, 6-4 (Groundball, 56, EV 90.0 MPH)
Bottom of the 7th over - 1 run, 2 hits, 0 errors, 1 left on base; Kannapolis 0 - West Michigan 2
TOP OF THE 8TH
Kannapolis Intimidators batting - Pitching for West Michigan Whitecaps : LHP Neil Palazzo
Pitching: RHP Domingo Padilla
Batting: RHB Justin Usner 0-0: Fly out, F1 (Line Drive, P, EV 65.6 MPH)
Batting: RHB Jose Medina 0-0: Called Strike
0-1: Ball
1-1: Swinging Strike
1-2: Ball
2-2: Strikes out looking
Batting: RHB Edgar Franco 0-0: Ball
1-0: Foul Ball, location: 2F
1-1: Called Strike
1-2: Ground out 6-3 (Groundball, 6, EV 82.5 MPH)
Top of the 8th over - 0 runs, 0 hits, 0 errors, 0 left on base; Kannapolis 0 - West Michigan 2
BOTTOM OF THE 8TH
West Michigan Whitecaps batting - Pitching for Kannapolis Intimidators : RHP Jose Vigil
Pitching: LHP Tom White
Batting: LHB Oscar Gonzalez 0-0: Fly out, F8 (Line Drive, 8RM, EV 85.6 MPH)
Pitching: RHP Ian Savary
Batting: SHB Jared Boyce 0-0: Called Strike
0-1: Ball
1-1: Ball
2-1: Foul Ball, location: 2F
2-2: Foul Ball, location: 2F
2-2: Ball
3-2: Foul Ball, location: 2F
3-2: SINGLE (Line Drive, 8LS, EV 95.6 MPH)
Batting: RHB Victor Reyes 0-0: Fly out, F4 (Line Drive, 4, EV 73.8 MPH)
Batting: RHB Jordan Hall 0-0: Called Strike
0-1: DOUBLE (Flyball, 8RXD, EV 110.6 MPH)
Jared Boyce to third
Batting: RHB Sergio Valbuena 0-0: Foul Ball, location: 2F
0-1: Ball
1-1: Foul Ball, location: 2F
1-2: Strikes out swinging
Bottom of the 8th over - 0 runs, 2 hits, 0 errors, 2 left on base; Kannapolis 0 - West Michigan 2
TOP OF THE 9TH
Kannapolis Intimidators batting - Pitching for West Michigan Whitecaps : RHP Domingo Padilla
Pitching: LHP Valentin Ciubotariu
Batting: RHB Will Washburn 0-0: Ball
1-0: Swinging Strike
1-1: Fly out, F7 (Line Drive, 7D, EV 98.1 MPH)
Batting: RHB Tyrell Camp 0-0: Ball
1-0: Swinging Strike
1-1: Ball
2-1: SINGLE (Line Drive, 6MD, EV 95.0 MPH)
Batting: RHB Benny O'Connor 0-0: Ball
1-0: Foul Ball, location: 2F
1-1: Called Strike
1-2: Ball
2-2: Strikes out swinging
Batting: SHB Jason Bresnahan 0-0: Called Strike
0-1: Ground out 4-3 (Groundball, 4S, EV 73.1 MPH)
Top of the 9th over - 0 runs, 1 hit, 0 errors, 1 left on base; Kannapolis 0 - West Michigan 2
Wednesday, June 22nd , 2022 - OOTP Baseball 23.4 Build 64